 Dungeon Crawl Stone Soup version 0.29.0-4-gdea44cf6ec (webtiles) character file.

Game seed: 2375613564100954974

210 qw the Sneak (level 5, 0/32 HPs)
             Began as a Gargoyle Delver on Sept 10, 2022.
             Splashed by a jelly's acid (8 damage)
             ... on level 4 of the Dungeon.
             The game lasted 00:01:55 (5137 turns).

qw the Sneak (Gargoyle Delver)                      Turns: 5137, Time: 00:01:55

Health: 0/32       AC:  6    Str: 18    XL:     5   Next: 87%
Magic:  5/5        EV:  7    Int: 10    God:
Gold:   33         SH:  5    Dex: 11    Spells: 4/4 levels left

rFire   . . .      SeeInvis .   Y - +2 hand axe
rCold   . . .      Faith    .   (no shield)
rNeg    + . .      Spirit   .   i - +0 chain mail
rPois   inf        Reflect  +   (no helmet)
rElec   +          Harm     .   (no cloak)
rCorr   .          Rampage  .   (no gloves)
Will    .....                   e - +0 pair of boots
Stlth   ..........              h - amulet of reflection
HPRegen 0.10/turn               (no ring)
MPRegen 0.09/turn               (no ring)

@: corroded
A: sickness immunity, AC +4, negative energy resistance 1, electricity
resistance, torment resistance 1, petrification resistance
a: no special abilities


You were on level 4 of the Dungeon.
You visited 1 branch of the dungeon, and saw 5 of its levels.

You collected 117 gold pieces.
You spent 84 gold pieces at shops.


Innate Abilities, Weirdness & Mutations

You are immune to sickness and miasma.
Your stone body is resilient. (AC +4)
You are immune to poison.
You resist negative energy. (rN+)
You are resistant to electric shocks. (rElec)
You are resistant to unholy torment.
You are immune to petrification.


   Skills:
 - Level 3.2 Fighting
 + Level 4.8 Axes
 - Level 2.4 Armour
 - Level 1.5 Dodging
 - Level 5.4 Stealth


You had 4 spell levels left.
You didn't know any spells.
Your spell library was empty.

Inventory:

Hand Weapons
 c - a +0 whip
 Y - a +2 hand axe (weapon)
Armour
 b - a scarf of repulsion
 e - a +0 pair of boots (worn)
 i - a +0 chain mail (worn)
Jewellery
 h - an amulet of reflection (around neck)
Wands
 g - a wand of digging (3)
Scrolls
 d - 3 scrolls of teleportation
 j - 6 scrolls of identify
Potions
 a - 4 potions of curing
 f - a potion of haste

Dungeon Overview and Level Annotations

Branches:
Dungeon (5/15)
 Temple: D:4-7

Altars:
Hepliaklqana
Qazlal

Shops:
D:4 *

Annotations:
D:3 3 runed translucent doors, Waforud's ghost, amateur TeWr


Message History

You hit the adder.
You kill the adder!
A hobgoblin comes into view.
Found 6 stones.
The hobgoblin shouts!
Enter note:
Enter note: You hit the hobgoblin.
The hobgoblin is heavily wounded.
The hobgoblin hits you but does no damage.
You closely miss the hobgoblin.
The hobgoblin is heavily wounded.
The hobgoblin hits you but does no damage.
The hobgoblin barely misses you.
You barely miss the hobgoblin.
The hobgoblin is heavily wounded.
You block the hobgoblin's attack.
You hit the hobgoblin.
You kill the hobgoblin!
You see here 6 stones.
Found a stone staircase leading up.
Enter note:
Enter note:
Enter note:
Enter note: A jelly comes into view.
The jelly quivers.
You hit the jelly. The acid corrodes you!
Your hands burn!
The jelly is moderately wounded.
The jelly hits you.
You are splashed with acid!
You hit the jelly.
Your hands burn!
The jelly is heavily wounded.
The jelly hits you but does no damage.
You hit the jelly.
Your hands burn!
The jelly is almost dead.
The jelly hits you but does no damage.
You hit the jelly.
Your hands burn!
The jelly is almost dead.
The jelly hits you. The acid corrodes you!
You are splashed with acid!
You die...

##.....#...###..#
#.........## #..#
..##....## ##.#
#..(## #.# ##..##
#.# ##...# #.#
##...## #.#
##..^## ##.##
##..### #.@.#
#..## #J.......#
...# ....<...###
...## .........##
....# #######..##
###..... ..# #
####.. ..# # ..#
##


You could see a jelly.

Vanquished Creatures
  2 iguanas
  3 gnolls (D:3)
  3 adders
  3 dart slugs
  6 bats
  12 endoplasms
  2 giant cockroaches
  3 goblins
  9 hobgoblins
  14 jackals
  3 quokkas
  11 ball pythons
  2 frilled lizards (D:3)
  8 kobolds
  9 rats
90 creatures vanquished.

Notes
Turn   | Place    | Note
-------+----------+-------------------------------------------
     0 | D:5      | qw the Gargoyle Delver began the quest for the Orb.
     0 | D:5      | Reached XP level 1. HP: 14/14 MP: 1/1
     0 | D:5      | 0 ||| qw: Version: 0.1-a-116-g5d60599
     0 | D:5      | 0 ||| qw: Game counter: 8972
     0 | D:5      | 0 ||| qw: Always use a shield: true
     0 | D:5      | 0 ||| qw: God list: Okawaru
     0 | D:5      | 0 ||| qw: Allow faded altars: false
     0 | D:5      | 0 ||| qw: Do Orc after D:15 true
     0 | D:5      | 0 ||| qw: Do second Lair branch before Depths: true
     0 | D:5      | 0 ||| qw: Lair rune preference: random
     0 | D:5      | 0 ||| qw: Plans: Normal
     0 | D:5      | 0 ||| PLANNING D:1-11
    77 | D:5      | 77 ||| READING scroll labelled XIUXAM RALEODGH.
    78 | D:5      | 78 ||| DROPPING scroll of fog.
    79 | D:5      | 79 ||| DROPPING scroll of magic mapping.
    80 | D:5      | 80 ||| DROPPING scroll of fear.
   284 | D:4      | Found a stormy altar of Qazlal.
   527 | D:4      | 527 ||| Stepping ~*~*~tactically~*~*~ (stealth).
   528 | D:4      | 528 ||| Stepping ~*~*~tactically~*~*~ (stealth).
   553 | D:4      | 553 ||| READING scroll labelled RIEV LULALO.
   574 | D:4      | Reached XP level 2. HP: 17/19 MP: 2/2
   574 | D:4      | 574 ||| STAIRDANCE
   659 | D:1      | 659 ||| Stepping ~*~*~tactically~*~*~ (stealth).
   709 | D:1      | 709 ||| Stepping ~*~*~tactically~*~*~ (stealth).
   733 | D:1      | Reached skill level 3 in Axes
   746 | D:1      | Reached XP level 3. HP: 23/23 MP: 3/3
   749 | D:1      | 749 ||| DROPPING +0 club.
  1057 | D:1      | 1057 ||| Stepping ~*~*~tactically~*~*~ (stealth).
  1058 | D:1      | 1058 ||| Stepping ~*~*~tactically~*~*~ (stealth).
  1369 | D:1      | 1369 ||| Stepping ~*~*~tactically~*~*~ (stealth).
  1371 | D:1      | 1371 ||| Stepping ~*~*~tactically~*~*~ (stealth).
  1373 | D:1      | 1373 ||| Stepping ~*~*~tactically~*~*~ (stealth).
  1376 | D:1      | 1376 ||| Stepping ~*~*~tactically~*~*~ (stealth).
  1378 | D:1      | 1378 ||| Stepping ~*~*~tactically~*~*~ (stealth).
  1386 | D:1      | 1386 ||| Stepping ~*~*~tactically~*~*~ (stealth).
  1388 | D:1      | 1388 ||| Stepping ~*~*~tactically~*~*~ (stealth).
  1438 | D:1      | 1438 ||| Stepping ~*~*~tactically~*~*~ (hiding).
  1540 | D:1      | 1540 ||| Stepping ~*~*~tactically~*~*~ (hiding).
  1648 | D:1      | Found a faded altar of an unknown god.
  1651 | D:1      | 1651 ||| Stepping ~*~*~tactically~*~*~ (hiding).
  1753 | D:1      | 1753 ||| Stepping ~*~*~tactically~*~*~ (hiding).
  1855 | D:1      | 1855 ||| Stepping ~*~*~tactically~*~*~ (hiding).
  1957 | D:1      | 1957 ||| Stepping ~*~*~tactically~*~*~ (hiding).
  2059 | D:1      | 2059 ||| Stepping ~*~*~tactically~*~*~ (hiding).
  2161 | D:1      | 2161 ||| Stepping ~*~*~tactically~*~*~ (hiding).
  2263 | D:1      | 2263 ||| Stepping ~*~*~tactically~*~*~ (hiding).
  2264 | D:1      | 2264 ||| Stepping ~*~*~tactically~*~*~ (hiding).
  2441 | D:1      | 2441 ||| UPGRADING to amulet of reflection.
  2446 | D:1      | 2446 ||| READING 3 scrolls labelled TOOGGU OLERRI.
  2451 | D:1      | 2451 ||| READING scroll labelled BOKHAU POMIS.
  2452 | D:1      | 2452 ||| READING scroll labelled WYTHUDW EDASE.
  2494 | D:2      | 2494 ||| Stepping ~*~*~tactically~*~*~ (stealth).
  2509 | D:2      | Reached XP level 4. HP: 27/28 MP: 4/4
  2571 | D:2      | 2571 ||| Stepping ~*~*~tactically~*~*~ (stealth).
  2578 | D:2      | 2578 ||| FLEEEEING.
  2579 | D:2      | 2579 ||| FLEEEEING.
  2580 | D:2      | 2580 ||| FLEEEEING.
  2581 | D:2      | 2581 ||| FLEEEEING.
  2582 | D:2      | 2582 ||| FLEEEEING.
  2583 | D:2      | 2583 ||| FLEEEEING.
  2584 | D:2      | 2584 ||| FLEEEEING.
  2585 | D:2      | 2585 ||| FLEEEEING.
  3007 | D:2      | 3007 ||| Stepping ~*~*~tactically~*~*~ (hiding).
  3109 | D:2      | 3109 ||| Stepping ~*~*~tactically~*~*~ (hiding).
  3211 | D:2      | 3211 ||| Stepping ~*~*~tactically~*~*~ (hiding).
  3313 | D:2      | 3313 ||| Stepping ~*~*~tactically~*~*~ (hiding).
  3415 | D:2      | 3415 ||| Stepping ~*~*~tactically~*~*~ (hiding).
  3416 | D:2      | 3416 ||| Stepping ~*~*~tactically~*~*~ (hiding).
  3419 | D:2      | 3419 ||| Stepping ~*~*~tactically~*~*~ (hiding).
  3724 | D:2      | 3724 ||| UPGRADING to +0 ring mail.
  3734 | D:2      | 3734 ||| DROPPING +0 leather armour.
  3735 | D:2      | 3735 ||| UPGRADING to +0 scale mail.
  3745 | D:2      | 3745 ||| DROPPING +0 ring mail.
  3746 | D:2      | 3746 ||| READING scroll labelled ULOAXA ECYZ.
  3747 | D:2      | 3747 ||| READING scroll labelled MEPNIU ZEUFYDD.
  3748 | D:2      | 3748 ||| READING 3 scrolls of identify.
  3748 | D:2      | 3748 ||| IDENTIFYING fizzy purple potion
  3749 | D:2      | 3749 ||| READING 2 scrolls of identify.
  3749 | D:2      | 3749 ||| IDENTIFYING red potion
  3750 | D:2      | 3750 ||| DROPPING potion of degeneration.
  3812 | D:3      | 3812 ||| Stepping ~*~*~tactically~*~*~ (stealth).
  3948 | D:3      | 3948 ||| Stepping ~*~*~tactically~*~*~ (stealth).
  3958 | D:3      | Reached skill level 1 in Armour
  3958 | D:3      | Reached XP level 5. HP: 29/32 MP: 5/5
  3994 | D:3      | Found a runed translucent gate.
  3994 | D:3      | Noticed Waforud's ghost (amateur TeWr)
  4005 | D:3      | Found a runed translucent gate.
  4006 | D:3      | Found a runed translucent gate.
  4482 | D:3      | 4482 ||| READING scroll of enchant weapon.
  4482 | D:3      | 4482 ||| ENCHANTING +1 hand axe.
  4502 | D:3      | 4502 ||| Stepping ~*~*~tactically~*~*~ (stealth).
  4504 | D:3      | 4504 ||| Stepping ~*~*~tactically~*~*~ (stealth).
  4554 | D:3      | Found a hazy altar of Hepliaklqana.
  4641 | D:3      | 4641 ||| UPGRADING to +0 pair of boots.
  4646 | D:3      | 4646 ||| UPGRADING to +0 chain mail.
  4656 | D:3      | 4656 ||| DROPPING +0 scale mail.
  4657 | D:3      | 4657 ||| READING scroll labelled NASSUF WONIEXT.
  4701 | D:4      | Found Ziag's General Store.
  4715 | D:4      | 4715 ||| SHOPLISTING +6 war axe of the Hawk {protect,
                  | *Noise rN+++ Str+7 Dex-2} (968 gold, have 112).
  4715 | D:4      | 4715 ||| BUYING 2 potions of curing (84 gold).
  4715 | D:4      | Bought 2 potions of curing for 84 gold pieces
  4715 | D:4      | 4715 ||| SHOPLISTING potion of curing (42 gold, have 28).
  4715 | D:4      | 4715 ||| SHOPLISTING potion of heal wounds (70 gold, have
                  | 28).
  5137 | D:4      | HP: 8/32 [jelly (1)]
  5137 | D:4      | Splashed by a jelly's acid

Levels and vault maps discovered:
D:1:      scummos_arrival_simple_crosswalls, layout_basic,
          ebering_ecumenical_altar_hall, minmay_cupped
D:2:      layout_basic
D:3:      layout_loops_ring, nicolae_hepliaklqana_hippocampus,
          biasface_ghost_orc_armoury
D:4:      layout_layer_cave, mainiacjoe_overflow_small_starburst, zin_treasury,
          serial_shops, nicolae_shop_stone
D:5:      layout_rooms, kennysheep_mini_moat, grunt_temple_overflow_open,
          grunt_decor_cap, corner_web_ring, minmay_misc_feat_chi,
          uniq_blork_the_orc

Skill      XL: |  1  2  3  4  5 |
---------------+----------------+-----
Axes           | 2 3 4 |  4.8
Armour         | 1 2 |  2.4
Fighting       | |  3.2
Dodging        | |  1.5
Stealth        | |  5.4

Action                   |  1- 3 |  4- 6 || total
-------------------------+-------+-------++-------
Melee: Hand axe          |   103 |   148 ||   251
       Punch             |       |     2 ||     2
  Use: Scroll            |     5 |     6 ||    11
 Stab: Sleeping          |     2 |     1 ||     3
Armor: Leather armour    |    22 |     8 ||    30
       Scale mail        |       |    21 ||    21
       Chain mail        |       |    17 ||    17
Dodge: Dodged            |    58 |    49 ||   107
Block: Other             |     2 |    26 ||    28
       Reflection        |     1 |       ||     1

Table legend:
 A = Non-vault XP
 B = Vault XP
 C = Vault XP percentage of total XP
 D = Non-vault monster count
 E = Vault monster count
 F = Vault count percentage of total count
                 A         B        C        D         E       F
            +---------+---------+-------+---------+---------+-------
      Total |     295 |       5 |   1.7 |      87 |       3 |   3.3
            +---------+---------+-------+---------+---------+-------
        D:1 |      51 |       5 |   8.9 |      31 |       3 |   8.8
        D:2 |      76 |       0 |   0.0 |      17 |       0 |   0.0
        D:3 |      79 |       0 |   0.0 |      24 |       0 |   0.0
        D:4 |      89 |       0 |   0.0 |      15 |       0 |   0.0
            +---------+---------+-------+---------+---------+-------
